 Dungeon Crawl Stone Soup version 0.23.2-1-ga50397a (webtiles) character file.

Game seed: 4764669263800393244

29 GuyDeFluk the Sneak (level 3, -3/16 HPs)
             Began as a Spriggan Enchanter on Apr 28, 2019.
             Slain by a worm (9 damage)
             ... on level 1 of the Dungeon.
             The game lasted 00:10:43 (2008 turns).

GuyDeFluk the Sneak (Spriggan Enchanter)            Turns: 2008, Time: 00:10:44

Health: -3/16      AC:  2    Str:  5    XL:     3   Next: 1%
Magic:  8/8        EV: 18    Int: 16    God:
Gold:   60         SH:  0    Dex: 16    Spells: 6/7 levels left

rFire    . . .     SeeInvis +   a - +1 dagger
rCold    . . .     Gourm    .   (shield restricted)
rNeg     . . .     Faith    .   b - +0 robe
rPois    .         Spirit   .   (helmet restricted)
rElec    .         Reflect  .   (no cloak)
rCorr    .         Harm     .   (gloves unavailable)
MR       .....                  (boots unavailable)
Stlth    +++.......             (no amulet)
HPRegen  0.05/turn              (no ring)
MPRegen  0.11/turn              (no ring)

@: very quick
A: very small, unfitting armour, see invisible, herbivore, speed 3, slow
metabolism 2
a: no special abilities


You were on level 1 of the Dungeon.
You were not hungry.

You visited 1 branch of the dungeon, and saw 2 of its levels.

You collected 60 gold pieces.

Inventory:

Hand Weapons
 a - a +1 dagger (weapon)
Armour
 b - a +0 robe (worn)
Jewellery
 e - an uncursed ring of resist corrosion {unknown}
Scrolls
 f - 2 scrolls of fog
Potions
 c - 2 potions of curing {unknown}
 h - a potion of haste {unknown}
 m - a potion of heal wounds {unknown}
Comestibles
 d - 3 rations


   Skills:
 + Level 2.4 Short Blades
 - Level 3.0 Dodging
 + Level 5.5 Stealth
 - Level 2.6 Spellcasting
 - Level 3.6 Hexes


You had 6 spell levels left.
You knew the following spells:

 Your Spells              Type           Power        Failure   Level  Hunger
a - Corona                Hex            ##.....      4%          1    #......

Your spell library contained the following spells:

 Spells                   Type           Power        Failure   Level  Hunger
 Confuse                  Hex            ##......     13%         3    ###....
 Tukima's Dance           Hex            ##......     13%         3    ###....
 Ensorcelled Hibernation  Hex/Ice        #.....       14%         2    ##.....
 Dazzling Spray           Conj/Hex       #.....       28%         3    ###....


Dungeon Overview and Level Annotations

Branches:
Dungeon (2/15)

Altars:
Okawaru

Annotations:
D:1 Okawaru's Altar need flying


Innate Abilities, Weirdness & Mutations

You are very small and have problems with some larger weapons.
You are too small for most types of armour.
You have supernaturally acute eyesight. (SInv)
You are a herbivore.
You cover ground extremely quickly.
You need to consume almost no food.


Message History

You puncture the worm!
The worm is almost dead.
The worm bites you but does no damage.
You hit the worm.
The worm is almost dead.
The worm bites you.
You hit the worm.
The worm is almost dead.
You start resting.
HP restored.
You hit the worm.
The worm is lightly wounded.
The worm bites you!
Ouch! That really hurt!
You barely miss the worm. You hit the worm.
The worm is lightly wounded.
The worm bites you!
Ouch! That really hurt!
You die...

........#.##.....#..##...........
##.........#######..#.#..........
#..........#...##...#.##......##
#..(............#....##.#....#.#
##.(.................#.#.#..#.#.
##.(.................#.##..##.#
####.(...............##....##.
##..(......#...............
##...#...@................
#########w.....(##....##.
#..."..#.##..##.#
#.....#.#.#..#.#.
#.....##.#....#.#
#....#.##......##
#...#.#..........
#...##...........
#..#.............


You could see a worm.

Vanquished Creatures
  An adder (D:2)
  2 dart slugs (D:1)
  A giant cockroach (D:1)
  A goblin (D:1)
  3 hobgoblins (D:1)
  3 kobolds (D:1)
  3 bats (D:1)
  A frilled lizard (D:1)
  A rat (D:1)
16 creatures vanquished.

Notes
Turn   | Place    | Note
-------+----------+-------------------------------------------
     0 | D:1      | GuyDeFluk the Spriggan Enchanter began the quest for the
                  | Orb.
     0 | D:1      | Reached XP level 1. HP: 9/9 MP: 5/5
   373 | D:1      | Reached XP level 2. HP: 9/13 MP: 6/6
   493 | D:1      | Reached skill level 5 in Stealth
  1514 | D:1      | Found an iron altar of Okawaru.
  1661 | D:2      | Reached XP level 3. HP: 16/16 MP: 8/8
  2008 | D:1      | Slain by a worm

Skill      XL: |  1  2 |
---------------+-------+-----
Stealth        | 5 |  5.5
Short Blades   | 2 |  2.4
Dodging        | |  3.0
Spellcasting   | |  2.6
Hexes          | |  3.6

Action                   || total
-------------------------++-------
Melee: Dagger            ||    86
 Cast: Corona            ||     2
  Use: Scroll            ||     5
 Stab: Sleeping          ||     7
       Distracted        ||     1
Armor: Robe              ||     9
Dodge: Dodged            ||    64
